 Dungeon Crawl Stone Soup version 0.22-a0-128-gfbf05e55df (webtiles) character file.

319 Ordine the Magician (level 6, -5/32 HPs)
             Began as a Deep Elf Wizard on Jan 31, 2018.
             Slain by a mummy (15 damage)
             ... in an ossuary.
             The game lasted 00:10:25 (3530 turns).

Ordine the Magician (Deep Elf Wizard)               Turns: 3530, Time: 00:10:25

Health: -5/32      AC:  6    Str:  4    XL:     6   Next: 21%
Magic:  0/16       EV: 13    Int: 25    God:
Gold:   233        SH:  0    Dex: 13    Spells: 7/16 levels left

rFire    + . .     SeeInvis .   e - +2 whip (pain)
rCold    + . .     Gourm    .   (no shield)
rNeg     . . .     Faith    .   p - +2 robe {rC+}
rPois    .         Spirit   .   o - +0 helmet
rElec    .         Reflect  .   i - +0 cloak
rCorr    .         Harm     .   (no gloves)
MR       .....                  (no boots)
Stlth    +++.......             (no amulet)
HPRegen  0.10/turn              k - ring of fire
MPRegen  0.15/turn              b - ring of protection from cold

@: very slightly contaminated
A: no striking features
a: no special abilities


You were in an ossuary.
You were not hungry.

You visited 2 branches of the dungeon, and saw 5 of its levels.
You also visited: Ossuary.

You collected 233 gold pieces.

Inventory:

Hand Weapons
 e - a +2 whip of pain (weapon)
Armour
 i - a +0 cloak (worn)
 o - a +0 helmet (worn)
 p - a +2 robe of cold resistance (worn)
Jewellery
 b - a ring of protection from cold (right hand)
 h - an uncursed ring of see invisible
 k - a ring of fire (left hand)
 r - an uncursed amulet of faith {unknown}
Scrolls
 l - a scroll of enchant armour
 m - a scroll of blinking
Potions
 a - a potion of heal wounds
 f - a potion of agility
 g - 3 potions of curing
 j - a potion of berserk rage
 n - a potion of might
 q - a potion of invisibility
 s - a potion of brilliance {unknown}
Books
 c - a book of Minor Magic

   Spells                             Type                      Level
   a - Magic Dart                     Conjuration                  1
   b - Blink                          Translocation                2
   c - Call Imp                       Summoning                    2
   d - Slow                           Hexes                        2
   e - Conjure Flame                  Conjuration/Fire             3
   f - Mephitic Cloud                 Conjuration/Poison/Air       3
Comestibles
 d - 7 rations


   Skills:
 - Level 3.0 Dodging
 + Level 4.0 Stealth
 + Level 5.5 Spellcasting
 * Level 3.8 Conjurations
   Level 1.1 Summonings
 + Level 2.2 Translocations
 + Level 2.1 Fire Magic
 + Level 1.6 Air Magic


You had 7 spell levels left.
You knew the following spells:

 Your Spells              Type           Power        Failure   Level  Hunger
a - Magic Dart            Conj           ####         1%          1    None
b - Blink                 Tloc           N/A          4%          2    None
c - Conjure Flame         Conj/Fire      ####....     7%          3    #......
d - Mephitic Cloud        Conj/Pois/Air  ###.....     11%         3    #......


Dungeon Overview and Level Annotations

Branches:
Dungeon (4/15)             Temple (1/1) D:4

Altars:
Ashenzari
Cheibriados
Fedhas
Gozag
Hepliaklqana
Kikubaaqudgha
Nemelex Xobeh
Ru
Xom
Lugonu


Message History

The mummy is severely damaged.
Casting: Magic Dart (safe; 1% risk of failure)
Confirm with . or Enter, or press ? or * to list all spells.
Aiming: Magic Dart (safe; 1% risk of failure)
Press: ? - help, Shift-Dir - straight line, f/p - mummy
Aim: a mummy (severely damaged)
The magic dart hits the mummy.
The mummy is almost destroyed.
Casting: Magic Dart (safe; 1% risk of failure)
Confirm with . or Enter, or press ? or * to list all spells.
Aiming: Magic Dart (safe; 1% risk of failure)
Press: ? - help, Shift-Dir - straight line, f/p - mummy
Aim: a mummy (almost destroyed)
The magic dart hits the mummy.
The mummy is almost destroyed.
You are too injured to fight recklessly!
You hit the mummy but do no damage.
The mummy is almost destroyed.
The mummy hits you!
You die...

##### #∩.∩#
##.## #'#
##.##
#...#####
+...'...##
#...###.@##
##+## ##M.#
##'# ##.##
#...###
+...'?#
#...###
##.## #+#


You could see a mummy.

Vanquished Creatures
  An ogre (D:3)
  A hound (D:4)
  An orc wizard (D:2)
  A mummy (Ossuary)
  Robin (D:2)
  4 gnolls (D:3)
  4 adders
  2 adder skeletons (D:4)
  A leopard gecko (D:1)
  5 orcs
  4 bats
  A giant cockroach (D:1)
  15 goblins
  9 hobgoblins
  6 jackals (D:3)
  7 kobolds
  A quokka (D:2)
  3 frilled lizards (D:2)
  2 orc skeletons (Ossuary)
  6 rats
75 creatures vanquished.

Notes
Turn   | Place    | Note
-------+----------+-------------------------------------------
     0 | D:1      | Ordine the Deep Elf Wizard began the quest for the Orb.
     0 | D:1      | Reached XP level 1. HP: 10/10 MP: 7/7
     2 | D:1      | Noticed a draconian
     2 | D:1      | Noticed a halfling
     4 | D:1      | Noticed a vampire
     4 | D:1      | Noticed a felid
     6 | D:1      | Noticed a troll
     6 | D:1      | Noticed a gargoyle
     8 | D:1      | Noticed a formicid
    10 | D:1      | Noticed a ghoul
    10 | D:1      | Noticed a spriggan
    12 | D:1      | Noticed a minotaur
    12 | D:1      | Noticed an ogre
    15 | D:1      | Noticed a merfolk
    17 | D:1      | Noticed a dwarf
    19 | D:1      | Noticed an elf
    19 | D:1      | Noticed a demigod
    21 | D:1      | Noticed a human
    21 | D:1      | Noticed a demonspawn
    23 | D:1      | Noticed a vine stalker
    23 | D:1      | Noticed a naga
    25 | D:1      | Noticed a tengu
    27 | D:1      | Noticed a centaur
    27 | D:1      | Noticed an octopode
   237 | D:1      | Reached XP level 2. HP: 15/15 MP: 2/9
   258 | D:1      | Learned a level 2 spell: Blink
  1096 | D:2      | Reached XP level 3. HP: 15/19 MP: 0/11
  1101 | D:2      | Learned a level 3 spell: Conjure Flame
  1105 | D:2      | Learned a level 3 spell: Mephitic Cloud
  1274 | D:2      | Noticed Robin
  1323 | D:2      | Killed Robin
  1327 | D:2      | Reached XP level 4. HP: 7/24 MP: 0/12
  1600 | D:2      | Reached skill level 1 in Fire Magic
  1611 | D:2      | Reached skill level 5 in Spellcasting
  2117 | D:3      | Found a shattered altar of Ashenzari.
  2196 | D:3      | Reached skill level 1 in Air Magic
  2196 | D:3      | Reached XP level 5. HP: 23/28 MP: 6/14
  2537 | D:3      | Noticed an ogre
  2548 | D:3      | Killed an ogre
  2672 | D:3      | Found a hazy altar of Hepliaklqana.
  2727 | D:3      | Reached XP level 6. HP: 32/32 MP: 13/16
  3319 | D:4      | Found a staircase to the Ecumenical Temple.
  3325 | Temple   | Entered the Ecumenical Temple
  3465 | D:4      | Found an opulent altar of Gozag.
  3484 | D:4      | Found a sand-covered staircase.
  3489 | Ossuary  | Entered an ossuary
  3530 | Ossuary  | Slain by a mummy

Vault maps used:
D:1:      kb_arrival_jail, nrook_loot_triangle, serial_bayou_pond_a
D:2:      first_ration, kennysheep_generic_room_14, uniq_robin
D:3:      ashenzari_conservatory_becter, lemuel_doored_altar, serial_park_tiny_2
D:4:      kennysheep_mini_moat, grunt_dithmenos_smoke_and_mirrors,
          minmay_temple_entry_hall, enter_ossuary_2, nemelex_dance_club_becter
Temple:   corrupted_temple
Ossuary:  ossuary_due_small_catacomb

Skill      XL: |  1  2  3  4  5  6 |
---------------+-------------------+-----
Conjurations   | 2 3 |  3.8
Dodging        | 3 |  3.0
Stealth        | 3 4 |  4.0
Fire Magic     | 1 2 |  2.1
Spellcasting   | 5 |  5.5
Air Magic      | 1 |  1.6
Translocations | 2 |  2.2
Summonings     | |  1.1

Action                   |  1- 3 |  4- 6 || total
-------------------------+-------+-------++-------
Melee: Unarmed           |    14 |       ||    14
       Dagger            |     6 |    15 ||    21
       Whip              |       |    24 ||    24
 Cast: Magic Dart        |    79 |   102 ||   181
       Mephitic Cloud    |     1 |     5 ||     6
       Conjure Flame     |       |     2 ||     2
       Blink             |       |     3 ||     3
  Use: Scroll            |     4 |     8 ||    12
       Potion            |     1 |     1 ||     2
 Stab: Confused          |       |     1 ||     1
  Eat: Chunk             |     1 |     5 ||     6
       Ration            |       |     1 ||     1
Armor: Robe              |    12 |    21 ||    33
Dodge: Dodged            |    34 |    45 ||    79

Table legend:
 A = Spawn XP
 B = Non-spawn XP
 C = Spawn XP percentage of total XP
 D = Spawn monster count
 E = Non-spawn monster count
 F = Spawn count percentage of total count
 G = Total turns spent on level
                    A         B        C        D         E        F      G
               +---------+---------+-------+---------+---------+-------+---------
         Total |       0 |     456 |   0.0 |       0 |      75 |   0.0 |  3530
               +---------+---------+-------+---------+---------+-------+---------
           D:1 |       0 |      34 |   0.0 |       0 |      18 |   0.0 |  1054
           D:2 |       0 |     128 |   0.0 |       0 |      30 |   0.0 |  1027
           D:3 |       0 |     222 |   0.0 |       0 |      21 |   0.0 |  1174
           D:4 |       0 |      52 |   0.0 |       0 |       3 |   0.0 |   195
       Ossuary |       0 |      20 |   0.0 |       0 |       3 |   0.0 |    41
               +---------+---------+-------+---------+---------+-------+---------
